Unix NetHack Version 5.0.0-0 post-release - last build May  4 2026 22:22:43 (774f63e81ad911689b3a0859ea89b322d5daca8d,branch:main).

Game began 2026-05-09 02:57:04, ended 2026-05-09 03:09:34.

Gregony, neutral male human Barbarian

                                                                      ###
                                                                     ---.-----
                                                                     |.......|
                                                                     |.|^....|
                                                                     |..@....|
                                                                 #   |.......|
                                                                 ####.....<*.|
                                                                     |..+....|
                                                                     ---------

Gregony the Bandit         St:18/01 Dx:15 Co:18 In:8 Wi:7 Ch:7  Neutral
Dlvl:9  $:86 HP:0(64) Pw:15(15) AC:10 Xp:6 T:2209  Blind

Latest messages:
 What do you want to read? [eF or ?*]
 A cloud of darkness falls upon you.
 The spellbook crumbles to dust!
 You are beginning to feel hungry.
 You can move again.
 What do you want to eat? [d or ?*]
 This food really hits the spot!
 Your movements are now unencumbered.
 You finish eating the food ration.
 What do you want to drop? [$bdew-yC or ?*]
 You cannot drop something you are wearing.
 Really step onto that magic trap? [yn] (n)
 Really step onto that magic trap? [yn] (n)
 You can't open anything -- you have no hands!
 You can't open anything -- you have no hands!
 In what direction?
 Whammm!!
 In what direction?
 Whammm!!
 What do you want to drop? [$bdew-yC or ?*]
 Never mind.
 In what direction?
 As you kick the door, it crashes open!
 In what direction?
 Something is engraved here on the headstone.
 You feel the words: "After this, nothing will shock me".
 You aren't able to use or apply tools in your current form.
 You aren't able to use or apply tools in your current form.
 You aren't able to zap anything in your current form.
 It hits!
 It just misses!
 It hits!
 It misses!
 It hits!
 You return to human form!
 It hits again!
 It grabs you!
 It hits!
 It hits again!
 You are being crushed.
 It hits!
 It hits again!
 You are being crushed.
 It hits!
 You die...
 Do you want your possessions identified? [ynq] (y)
 Do you want to see your attributes? [ynq] (y)
 Do you want an account of creatures vanquished? [ynaq] (y)
 Do you want to see your conduct and achievements? [ynq] (y)
 Do you want to see the dungeon overview? [ynq] (y)

Inventory:
 Coins    ('$')
  $ - 86 gold pieces
 Weapons  (')')
  b - a blessed +0 axe (alternate weapon; not wielded)
 Comestibles  ('%')
  d - 3 uncursed food rations
 Spellbooks  ('+')
  e - an uncursed spellbook of healing
 Rings    ('=')
  x - a cursed ring of free action (on right hand)
  w - a cursed ring of invisibility (on left hand)
 Wands    ('/')
  C - a wand of create monster (0:10)
  y - a wand of slow monster (0:3)

Gregony the Barbarian's attributes:

Background:
 You were a Bandit, a level 6 male human Barbarian.
 You were neutral, nominally on a mission for Crom
 who was opposed by Mitra (lawful) and Set (chaotic).
 You were right-handed.
 You were in the Dungeons of Doom, on level 9.
 You entered the dungeon 2209 turns ago.
 It was nighttime.
 You had 582 experience points, 58 more were needed to attain level 7.

Basics:
 You had 0 out of 64 hit points.
 You had all 15 energy points (spell power).
 Your armor class was 10.
 Your wallet contained 86 zorkmids.
 Autopickup was off.

Final Characteristics:
 Your strength was 18/01 (limit:18/100).
 Your dexterity was 15 (limit:18).
 Your constitution was 18 (limit:18).
 Your intelligence was 8 (limit:18).
 Your wisdom was 7 (limit:18).
 Your charisma was 7 (peak:8, limit:18).

Final Status:
 You were temporarily blind.
 You were held by an owlbear (east).
 You weren't hungry.
 You were unencumbered.
 You were bare handed.
 You had basic skill with bare handed combat.
 You weren't wearing any armor.

Final Attributes:
 You were stridently aligned.
 You were poison resistant.
 You were level-drain resistant.
 You were invisible.
 You aggravated monsters.
 You were a werejackal.
 You were harmed by silver.
 You had free action.
 You were very unlucky.
 You are dead.

Miscellaneous:
 You encountered 1 bones level.
 Total elapsed playing time was 12 minutes and 30 seconds.

Major events:
 Turn
    1: Gregony the neutral male human Barbarian entered the dungeon
  598: attained the rank of Pillager (level 3)
 1526: attained the rank of Bandit (level 6)
 2209: killed by an owlbear

Spells:
 Name                 Level Category     Fail Retention
 healing                1   healing       89%  76%-100%

Skills:
 Fighting Skills
   bare handed combat [Basic]
   two weapon combat  [Unskilled]
   riding             [Unskilled]
 Weapon Skills
   dagger             [Unskilled]
   axe                [Basic]
   pick-axe           [Unskilled]
   short sword        [Unskilled]
   broadsword         [Unskilled]
   long sword         [Unskilled]
   two-handed sword   [Basic]
   saber              [Unskilled]
   club               [Unskilled]
   mace               [Unskilled]
   morning star       [Unskilled]
   flail              [Unskilled]
   hammer             [Unskilled]
   quarterstaff       [Unskilled]
   spear              [Unskilled]
   trident            [Unskilled]
   bow                [Unskilled]
 Spellcasting Skills
   attack spells      [Unskilled]
   escape spells      [Unskilled]

Voluntary challenges:
 Character rerolling was not enabled.
 You were an atheist.
 You never genocided any monsters.
 You never polymorphed an object.
 You used no wishes.
Achievements:
 You entered a shop.
 You attained the rank of Pillager.
 You attained the rank of Bandit.

 The Dungeons of Doom: levels 1 to 9
    Level 1:
    Level 2:
       A fountain.
    Level 3:
       A potion shop.
    Level 4:
       An armor shop.
    Level 5:
       Final resting place for
          yeovil-Wiz-Hum-Mal-Neu, killed by a bat.
    Level 6:
       A sink.
    Level 7:
    Level 8:
    Level 9: <- You were here.
       A grave.
       Final resting place for
          you, killed by an owlbear.


Vanquished creatures:
  2 black puddings
  a ghost
 an orc mummy
  a dingo
  a yellow light
  a shrieker
  a gnomish wizard
  a giant ant
  2 homunculi
  a kobold shaman
  2 hill orcs
  a giant bat
  a werejackal
 an iguana
 an acid blob
  a hobbit
  a large kobold
  a giant rat
  a cave spider
  a yellow mold
  a green mold
  2 geckos
  a jackal
  2 foxes
  a kobold
  a goblin
  2 grid bugs
  2 lichens
  a kobold zombie
  4 newts
40 creatures vanquished.

No species were genocided or became extinct.

Game over:
                       ----------
                      /          \
                     /    REST    \
                    /      IN      \
                   /     PEACE      \
                  /                  \
                  |     Gregony      |
                  |      86 Au       |
                  |   killed by an   |
                  |     owlbear      |
                  |                  |
                  |                  |
                  |       2026       |
                 *|     *  *  *      | *
        _________)/\\_//(\/(/\)/\//\/|_)_______

Goodbye Gregony the Barbarian...

You died in The Dungeons of Doom on dungeon level 9 with 2906 points,
and 86 pieces of gold, after 2209 moves.
You were level 6 with a maximum of 64 hit points when you died.

